 Dungeon Crawl Stone Soup version 0.26.0-91-g99b343417d (webtiles) character file.

Game seed: 10158188214642440472

201 hawla the Conjurer (level 5, -2/38 HPs)
             Began as a Draconian Conjurer on Feb 3, 2021.
             Slain by a gnoll
             ... wielding a +0 spear
              (6 damage)
             ... on level 4 of the Dungeon.
             The game lasted 00:08:35 (4052 turns).

hawla the Conjurer (Draconian Conjurer)             Turns: 4052, Time: 00:08:37

Health: -2/38      AC:  8    Str:  9    XL:     5   Next: 50%
Magic:  2/10       EV: 12    Int: 20    God:
Gold:   168        SH:  0    Dex:  9    Spells: 4/11 levels left

rFire    . . .     SeeInvis .   e - +1 mace
rCold    . . .     Faith    .   (no shield)
rNeg     . . .     Spirit   .   (armour unavailable)
rPois    +         Reflect  .   (helmet restricted)
rElec    .         Harm     .   (no cloak)
rCorr    .         Rampage  .   k - +0 pair of gloves
Will     .....     NoTele   +   g - +1 pair of boots
Stlth    ++........             (no amulet)
HPRegen  0.12/turn              l - ring of poison resistance
MPRegen  0.12/turn              n - ring of flight

@: can't move, very slightly contaminated
A: unfitting armour, cold-blooded, AC +5
a: Evoke Flight


You were on level 4 of the Dungeon.
You visited 1 branch of the dungeon, and saw 4 of its levels.

You collected 168 gold pieces.

Inventory:

Hand Weapons
 e - a +1 mace (weapon)
Missiles
 f - 3 javelins
 o - 2 atropa-tipped darts
Armour
 g - a +1 pair of boots (worn)
 k - a +0 pair of gloves (worn)
Jewellery
 l - a ring of poison resistance (left hand)
 m - an uncursed amulet of inaccuracy
 n - a ring of flight (right hand)
Wands
 p - a wand of polymorph (9)
Scrolls
 a - 2 scrolls of identify
 b - a scroll of teleportation
 c - a scroll of remove curse
 h - 2 scrolls of amnesia
 i - a scroll of enchant weapon
Potions
 j - a potion of curing


   Skills:
 - Level 1.7 Dodging
 - Level 1.7 Stealth
 + Level 3.7 Spellcasting
 + Level 5.3 Conjurations
 + Level 1.8 Translocations


You had 4 spell levels left.
You knew the following spells:

 Your Spells              Type           Power        Failure   Level
a - Magic Dart            Conj           100%         1%          1
b - Searing Ray           Conj           50%          2%          2
c - Iskenderun's Mystic   Conj/Tloc      18%          30%         4

Your spell library contained the following spells:

 Spells                   Type           Power        Failure   Level
 Dazzling Flash           Conj/Hex       28%          13%         3
 Fulminant Prism          Conj/Hex       7%           41%         4


Dungeon Overview and Level Annotations

Branches:
Dungeon (4/15)
 Temple: D:4-7

Altars:
Okawaru


Innate Abilities, Weirdness & Mutations

Your plain brown scales are hard. (AC +5)
You cannot fit into any form of body armour.
You are cold-blooded and may be slowed by cold attacks.


Message History

Press: ? - help, Shift-Dir - straight line, f/p - gnoll
Aim: a gnoll, wielding a +0 spear (lightly wounded, 18% to evade)
The searing ray hits the gnoll.
The gnoll is moderately wounded.
The searing ray hits the gnoll!
You kill the gnoll! (Press . to maintain the ray.)
The gnoll hits you from afar with a +0 spear!
* * * LOW HITPOINT WARNING * * *
The gnoll hits you but does no damage. The gnoll barely misses you.
Casting: Searing Ray (safe; 2% risk of failure)
Confirm with . or Enter, or press ? or * to list all spells.
Aiming: Searing Ray (safe; 2% risk of failure)
Press: ? - help, Shift-Dir - straight line, f - gnoll
Aim: a gnoll, wielding a +0 spear (18% to evade)
The searing ray hits the gnoll.
The gnoll is heavily wounded. (Press . to maintain the ray.)
The gnoll hits you from afar with a +0 spear.
You die...

*********,,,,,,,,**,,*,,,,,*,,,*
,,*,,,,,*,,,**,,,**,,*,,,,,*,,***
,,*,,,,,*,,,*******,,*,,,,,*,,*,,
,,*,,,,,#.,,,,,,,,,,,+,,,,,*,,+,,
,,*,,,,,#...,,,,,,,,,*,,,,,*,,*,,
+**,,,,,#...,,,,,**,,#,,,,,*,,*,,
,,*,,,,,#...######*,.#,,,,,*,,*,,
,,+,,,,,#...##...##..#,,,,,*,,***
***,,,,,#.>.....@g...#,,,,,*,,,,,
,,,,,,,,#......g.....#,,,,,*,,,,,
,,,,,,,,#......)g#####,,,,,*,,,,,
,,,######........##.,*,,,,,*,,,,,
,,,#.................*,,,,,*,,**,
,,,#.................#,,,,,*,,***
,,,#.............##..#,,,,,*,,,,,
,,,#.............#*..#,,,,,*,,,,,
...#.........[...#,,.+,,,,,+,,,,,


You could see 3 gnolls.

Vanquished Creatures
  3 gnolls
  8 adders
  An ooze (D:3)
  4 dart slugs
  2 worms (D:2)
  3 leopard geckos
  6 orcs
  2 giant cockroaches
  10 goblins
  5 hobgoblins
  6 jackals
  4 quokkas
  2 ball pythons
  3 bats (D:2)
  5 frilled lizards
  6 kobolds
  5 rats
75 creatures vanquished.

Notes
Turn   | Place    | Note
-------+----------+-------------------------------------------
     0 | D:1      | hawla the Draconian Conjurer began the quest for the Orb.
     0 | D:1      | Reached XP level 1. HP: 14/14 MP: 3/3
   247 | D:1      | Reached XP level 2. HP: 19/20 MP: 1/5
   535 | D:1      | Learned a level 2 spell: Searing Ray
  1060 | D:2      | Reached XP level 3. HP: 26/26 MP: 2/7
  1089 | D:2      | HP: 1/26 [poisoned by an adder]
  1880 | D:2      | Reached XP level 4. HP: 33/33 MP: 5/8
  1885 | D:2      | Learned a level 4 spell: Iskenderun's Mystic Blast
  2243 | D:2      | Reached skill level 5 in Conjurations
  2495 | D:2      | Reached skill level 1 in Translocations
  2919 | D:2      | Found an iron altar of Okawaru.
  3258 | D:2      | Reached XP level 5. HP: 34/38 MP: 0/10
  4052 | D:4      | Slain by a gnoll

Illustrated notes

Levels and vault maps discovered:
D:1:      tarquinn_simple_flora_water_b, layout_basic, solitary_fountain
D:2:      layout_basic, okawaru_altar_gauntlet_db
D:3:      layout_rooms, minmay_ruptured
D:4:      layout_gridville, cheibrodos_sewer_entry_bend

Skill      XL: |  1  2  3  4 |
---------------+-------------+-----
Spellcasting   | 3 |  3.7
Conjurations   | 5 |  5.3
Translocations | 1 |  1.8
Dodging        | |  1.7
Stealth        | |  1.7

Action                   |  1- 3 |  4- 6 || total
-------------------------+-------+-------++-------
Melee: Mace              |    18 |    77 ||    95
       Tailslap          |     1 |     6 ||     7
 Cast: Magic Dart        |    21 |    17 ||    38
       Searing Ray       |    15 |    26 ||    41
       Iskenderun's Myst |       |     2 ||     2
  Use: Scroll            |     5 |     7 ||    12
Armor: Skin              |    21 |    81 ||   102
Dodge: Dodged            |    51 |   124 ||   175
